 Dungeon Crawl Stone Soup version 0.30-a0-738-g116ff8c4af (webtiles) character file.

Game seed: 7975059646478141339

165 Leeroy the Slasher (level 5, 0/26 HPs)
             Began as a Vine Stalker Warper on Feb 3, 2023.
             Succumbed to a water moccasin's poison
             ... on level 2 of the Dungeon.
             The game lasted 00:03:55 (1739 turns).

Leeroy the Slasher (Vine Stalker Warper)            Turns: 1739, Time: 00:03:56

Health: 0/26       AC:  8    Str: 14    XL:     5   Next: 46%
Magic:  5/9        EV: 11    Int: 13    God:
Gold:   175        SH:  0    Dex: 15    Spells: 0/8 levels left

rFire   . . .      SeeInvis .    a - +0 falchion
rCold   . . .      Faith    .    (no shield)
rNeg    . . .      Spirit   +    m - +0 ring mail
rPois   .          Reflect  .    (no helmet)
rElec   .          Harm     .    (no cloak)
rCorr   .          Rampage  .    f - +2 pair of gloves
Will    .....      Clarity  +    (no boots)
Stlth   +                        (no amulet)
HPRegen 1.04/turn                (no ring)
MPRegen 0.11/turn                (no ring)

@: lethally poisoned (0 -> -2)
A: fangs 2, regeneration 1, magic shield, antimagic bite, no potion heal 2,
clarity, inability to read after injury 1
a: no special abilities


You were on level 2 of the Dungeon.
You visited 1 branch of the dungeon, and saw 3 of its levels.

You collected 175 gold pieces.

Inventory:

Hand Weapons
 a - a +0 falchion (weapon)
 s - a +2 dagger of draining
Missiles
 d - 7 boomerangs of dispersal (quivered)
 n - 9 boomerangs
Armour
 b - a +0 leather armour
 f - a +2 pair of gloves (worn)
 m - a +0 ring mail (worn)
Scrolls
 e - 2 scrolls of identify {unknown}
 g - a scroll of enchant weapon {unknown}
 h - a scroll of butterflies {unknown}
 i - a scroll of acquirement {unknown}
 j - 2 scrolls of enchant armour {unknown}
 k - a scroll of teleportation {unknown}
 o - 2 scrolls of vulnerability {unknown}
 p - a scroll of fear {unknown}
 u - a scroll of noise {unknown}
Potions
 l - a potion of flight {unknown}
 q - 2 potions of mutation
 r - 2 potions of curing {unknown}
 t - 2 potions of heal wounds {unknown}
 v - 2 potions of degeneration {unknown}
 w - a potion of brilliance {unknown}


   Skills:
 - Level 1.7 Fighting
 + Level 4.4 Long Blades
 - Level 0.8 Throwing
 - Level 2.1 Armour
 - Level 1.5 Dodging
 - Level 2.1 Spellcasting
 - Level 3.0 Translocations


You couldn't memorise any spells.
You knew the following spells:

 Your Spells              Type           Power      Damage    Failure   Level
a - Blink                 Tloc           18%        N/A       22%         2
b - Vhi's Electric Charg  Tloc/Air       10%        N/A       63%         3
c - Vampiric Draining     Necr           1%         2d6       83%         3

Your spell library contained the following spells:

 Spells                   Type           Power      Damage    Failure   Level
 Lesser Beckoning         Tloc           18%        N/A       22%         2
 Teleport Other           Tloc           9%         N/A       41%         3
 Slow                     Hex            4%         N/A       45%         1
 Manifold Assault         Tloc           9%         N/A       82%         4
 Confusing Touch          Hex            1%         N/A       83%         3
 Inner Flame              Hex/Fire       1%         N/A       83%         3
 Cause Fear               Hex            0%         N/A       99%         4
 Discord                  Hex            0%         N/A       100%        8


Dungeon Overview and Level Annotations

Branches:
Dungeon (3/15)

Altars:
The Shining One


Innate Abilities, Weirdness & Mutations

You have extremely sharp teeth.
Your natural rate of healing is unusually fast.
When hurt, damage is shared between your health and your magic reserves.
Your bite disrupts and absorbs the magic of your enemies.
Potions cannot restore your health.
You possess an exceptional clarity of mind.
You occasionally lose the ability to read scrolls when taking damage.


Message History

The water moccasin is lightly wounded.
You feel sick. The water moccasin bites you.
The water moccasin bites you but does no damage.
You closely miss the water moccasin.
You bite the water moccasin, but do no damage.
You feel sick. The water moccasin barely misses you.
You are too injured to fight recklessly!
You are too injured to fight recklessly!
You are too injured to fight recklessly!
You are too injured to fight recklessly!
You are too injured to fight recklessly!
You are too injured to fight recklessly!
You are too injured to fight recklessly!
You are too injured to fight recklessly!
You are too injured to fight recklessly!
You hit the water moccasin.
You bite the water moccasin, but do no damage.
The water moccasin is lightly wounded.
You feel sick. The water moccasin bites you.
You are lethally poisoned!
The water moccasin poisons you! The water moccasin closely misses you.
You hit the water moccasin but do no damage.
The water moccasin is lightly wounded.
* * * LOW HITPOINT WARNING * * *
You feel very sick. The water moccasin misses you.
The water moccasin closely misses you.
Blink to where?
Press: ? - help, Dir - move target
As you read the scroll of blinking, it crumbles to dust.
* * * LOW HITPOINT WARNING * * *
You feel very sick.
* * * LOW HITPOINT WARNING * * *
You feel very sick. A mysterious force pulls you upwards.
The hatch slams shut behind you.
* * * LOW HITPOINT WARNING * * *
You feel sick.
It was a potion of mutation.
You feel extremely strange.
You occasionally lose the ability to read scrolls when taking damage.
Your thoughts seem clearer.
You die...

#######.. ##.. #...
#... #...
############ #...
##.<........####...
##......[.......†...
#..@................
#..............#####
#..............#
#..............#
#..............#
##............##
##..........##
############


There were no monsters in sight!

Vanquished Creatures
  Pargi (D:3)
  An adder (D:2)
  2 dart slugs (D:1)
  5 orcs (D:3)
  6 ball pythons
  7 bats
  4 endoplasms
  A giant cockroach (D:2)
  3 goblins
  4 hobgoblins
  4 quokkas
  2 frilled lizards (D:2)
  7 kobolds
  6 rats
53 creatures vanquished.

Notes
Turn   | Place    | Note
-------+----------+-------------------------------------------
     0 | D:1      | Leeroy the Vine Stalker Warper began the quest for the Orb.
     0 | D:1      | Reached XP level 1. HP: 11/11 MP: 4/4
    26 | D:1      | Reached skill level 2 in Long Blades
   101 | D:1      | Reached XP level 2. HP: 5/15 MP: 4/6
   357 | D:1      | Reached skill level 3 in Long Blades
   474 | D:1      | Learned a level 2 spell: Blink
   725 | D:2      | Reached XP level 3. HP: 18/18 MP: 7/7
   776 | D:2      | Reached skill level 1 in Armour
  1251 | D:3      | Gained mutation: Your natural rate of healing is unusually
                  | fast. [Vine Stalker growth]
  1251 | D:3      | Reached XP level 4. HP: 23/23 MP: 8/8
  1529 | D:3      | Found a glowing golden altar of the Shining One.
  1564 | D:3      | Noticed Pargi
  1581 | D:3      | Killed Pargi
  1582 | D:3      | Reached skill level 4 in Long Blades
  1582 | D:3      | Reached XP level 5. HP: 24/26 MP: 9/9
  1618 | D:3      | Learned a level 3 spell: Vhi's Electric Charge
  1622 | D:3      | Learned a level 3 spell: Vampiric Draining
  1727 | D:3      | Noticed a water moccasin
  1738 | D:2      | HP: 1/26 [poisoned by a water moccasin]
  1739 | D:2      | Gained mutation: You occasionally lose the ability to read
                  | scrolls when taking damage. [potion of mutation]
  1739 | D:2      | Gained mutation: You possess an exceptional clarity of
                  | mind. [potion of mutation]
  1739 | D:2      | Succumbed to a water moccasin's poison

Illustrated notes

Levels and vault maps discovered:
D:1:      saegor_arrival_simple_a, layout_loops_cross
D:2:      layout_rooms
D:3:      minmay_spotlight, layout_basic, lemuel_doored_altar, zin_angel,
          uniq_pargi

Skill      XL: |  1  2  3  4 |
---------------+-------------+-----
Long Blades    | 2 3 4 |  4.4
Armour         | 1 2 |  2.1
Fighting       | |  1.7
Throwing       | |  0.8
Dodging        | |  1.5
Spellcasting   | |  2.1
Translocations | |  3.0

Action                     |  1- 3 |  4- 6 || total
---------------------------+-------+-------++-------
  Melee: Falchion          |    88 |    45 ||   133
         Bite              |    22 |    14 ||    36
         Punch             |     1 |       ||     1
    Use: Scroll            |       |     1 ||     1
         Potion            |       |     1 ||     1
   Stab: Sleeping          |     1 |       ||     1
 Armour: Leather armour    |    12 |       ||    12
         Ring mail         |    21 |    37 ||    58
  Dodge: Dodged            |    56 |    31 ||    87

Table legend: (Time is in decaauts)
 A = Elapsed time spent in this place.
 B = Non-inter-level travel time spent in this place.
 C = Inter-level travel time spent in this place.
 D = Time resting spent in this place.
 E = Time spent auto-exploring this place.
 F = Levels seen in this place.
 G = Mean time per level.
                   A        B        C        D        E       F      G
               +--------+--------+--------+--------+--------+-----+--------+
         Total |   1757 |   1708 |     49 |      0 |   1336 |   3 |  585.7 |
       Dungeon |   1757 |   1708 |     49 |      0 |   1336 |   3 |  585.7 |
               +--------+--------+--------+--------+--------+-----+--------+

Top non-repeatable levels by time:
     D:1: 710 daAuts
     D:3: 654 daAuts
     D:2: 393 daAuts
